Workbook

Sheet CMT Meter Test Cost
A1: Large Volume Gas Meter Testing
A3: Weighted Average Minutes/Unit | E3: ='CMT Resource Requirement'!H58 -> 322.8
A5: Weighted Average CMT Labor Rate/Hr. | E5: ='CMT Salary'!A43 -> 17.521712
A7: CMT Labor Cost/Unit | E7: =E3*E5 -> 5656.0088
A9: 35% Benefit Overhead | E9: =0.35*E7 -> 1979.6031
A11: Fully Loaded CMT Labor Cost/Gas Meter Test | E11: =SUM(E5:E9) -> 7653.1336
A15: Large Volume Water Meter Testing
A17: Weighted Average Minutes/Unit | E17: ='CMT Resource Requirement'!H134 -> 312
A19: Weighted Average CMT Labor Rate/Hr. | E19: ='CMT Salary'!A43 -> 17.521712
A21: CMT Labor Cost/Unit | E21: =E17*E19 -> 5466.7743
A23: 35% Benefit Overhead | E23: =0.35*E21 -> 1913.371
A25: Fully Loaded CMT Labor Cost/Water Meter Test | E25: =SUM(E21:E23) -> 7380.1453
A29: Footnotes Gas and Water:
A30: Excludes hourly vehicle overhead operating costs.

Sheet GWST Meter Change Cost
A1: Average Meter Change Minutes/Unit | E1: ='GWST FY12 Order Volume'!E14+'GWST FY12 Order Volume'!G14 -> 52.17
A3: Weighted Average Cost/GWST | E3: 16.81
A5: Weighted Average Labor Cost/Unit | E5: =(E1/60)*E3 -> 14.616295
A7: 35% Benefit Overhead | E7: =E5*0.35 -> 5.1157032
A9: Fully Loaded GWST Labor Cost/eter Change | E9: =SUM(E5:E7) -> 19.731998
A12: Footnotes:
A13: Excludes hourly vehicle overhead operating costs.

Sheet Cost Per Meter Read
A1: Total FY12 O&M Costs Activity 9160 | E1: 940763
A3: Total Meters Read in FY12 | E3: 2180306
A5: Average Cost per Meter Read | E5: =E1/E3 -> 0.43148209
A8: Footnotes:
A9: O&M is preliminary close number for Activity 9160 on 8/6/2012.

Sheet CMT Resource Requirement
A1: Gas Meter Program
B2: # Meters | C2: Min/Unit | D2: Tot. Min. | E2: Crew Multiplier | F2: Total Annual Minutes
A3: Age Based | B3: 2591
A4: CMT | B4: 525 | C4: 320 | D4: =B4*C4 -> 168000 | E4: 2 | F4: =D4*E4 -> 336000
A5: GWST | B5: =B3-B4 -> 2066 | C5: =B72 -> 43 | D5: =B5*C5 -> 88838 | E5: 1 | F5: =D5*E5 -> 88838
A9: Revenue Risk Based | B9: =SUM(B11:B13) -> 340
A10: Interval | B10: # Meters | C10: Min/Unit | D10: Tot. Min. | E10: Crew Multiplier | F10: Total Annual Minutes
A11: 1) 6 mos. | B11: 140 | C11: =H43/B11 -> 320.4 | D11: =(B11*C11)*2 -> 89712 | E11: 2 | F11: =D11*E11 -> 179424
A13: 1) 12 mos. | B13: 200 | C13: =H57/B13 -> 322.8 | D13: =B13*C13 -> 64560 | E13: 2 | F13: =D13*E13 -> 129120
A14: Subtotal-Gas | F14: =SUM(F11:F13) -> 308544
A15: FTE Equivalent | F15: =ROUNDUP(F14/88000,-0.1) -> 4
B17: # Meters | C17: Min/Unit | D17: Tot. Min. | E17: Crew Multiplier | F17: Total Annual Minutes
A18: 2) Sample Based | B18: =D78 -> 2011 | C18: =B72 -> 43 | D18: =B18*C18 -> 86473 | E18: 1 | F18: =D18*E18 -> 86473
A20: 3) Quality Assurance Based | B20: =C84 -> 170 | C20: NA | D20: NA | E20: NA | F20: NA
A23: Footnotes:
A25: 1) Tasks to be performed during each inspection (gas):
B26: Meter module replacement
B27: Calibration of Mercury Corrector
B28: Battery Change of Mercury Corrector
B29: Valve Operability
B30: Lubricate Valves as needed
B31: Field Test Diaphragm Meters
B32: Atmospheric Corrosion Monitoring
B33: Test ERT | G33: Low | I33: High | J33: Tot. Low | K33: Tot. High
A35: 6 mos. | B35: Range of Effort: | D35: 0.3 | E35: =B11*D35 -> 42 | F35: Turbos | G35: 120 | H35: to | I35: 360 | J35: =E35*G35 -> 5040 | K35: =E35*I35 -> 15120
D36: 0.7 | E36: =B11*D36 -> 98 | F36: Diaphragm | G36: 180 | H36: to | I36: 360 | J36: =E36*G36 -> 17640 | K36: =E36*I36 -> 35280
B38: Assume 80% worst case/20% best case in year 1 | F38: # Meters | G38: Min/Unit | H38: Tot. Min.
E39: Turbo Best | F39: =E35*0.2 -> 8.4 | G39: =G35 -> 120 | H39: =G39*F39 -> 1008
E40: Turbo Worst | F40: =E35*0.8 -> 33.6 | G40: =I35 -> 360 | H40: =F40*G40 -> 12096
E41: Diaphragm Best | F41: =E36*0.2 -> 19.6 | G41: =G36 -> 180 | H41: =F41*G41 -> 3528
E42: Diaphragm Worst | F42: =E36*0.8 -> 78.4 | G42: =I36 -> 360 | H42: =F42*G42 -> 28224
E43: Total Minutes | F43: =SUM(F39:F42) -> 140 | H43: =SUM(H39:H42) -> 44856
F44: WAVG Min/Unit | H44: =H43/F43 -> 320.4
B48: Determine Tools and Equipment once FTEs determined.
A50: 12 mos. | B50: Range of Effort | D50: 0.1 | E50: =D50*B13 -> 20 | F50: Turbos | G50: 120 | H50: to | I50: 360
D51: 0.9 | E51: =D51*B13 -> 180 | F51: Diaphragms | G51: 180 | H51: to | I51: 360
B52: Assume 80% worst case/20% best case in year 1 | F52: # Meters | G52: Min/Unit | H52: Tot. Min.
E53: Turbo Best | F53: =0.2*E50 -> 4 | G53: =G50 -> 120 | H53: =G53*F53 -> 480
E54: Turbo Worst | F54: =0.8*E50 -> 16 | G54: =I51 -> 360 | H54: =F54*G54 -> 5760
E55: Diaphragm Best | F55: =0.2*E51 -> 36 | G55: =G51 -> 180 | H55: =F55*G55 -> 6480
E56: Diaphragm Worst | F56: =0.8*E51 -> 144 | G56: =I51 -> 360 | H56: =F56*G56 -> 51840
E57: Total Minutes | F57: =SUM(F53:F56) -> 200 | H57: =SUM(H53:H56) -> 64560
F58: WAVG Min/Unit | H58: =H57/F57 -> 322.8
A62: Gas Meter Program
A64: Footnotes (cont):
A67: 2) Minutes of worked based upon weighted average of actual minutes of work for gas meter
A68: changes in Fys 04-06. This work is already performed by GWSTs and will not be incremental to our staff model.
A69: Also, there is no CMT gas sample-based because anything over 700CFH will be changed to 415CFH during
A70: the aged-based meter changeouts in year one.
A72: Standard Unit Time (min). | B72: =E88 -> 43 | C72: Weighted average from completed meter change order history from Broadband Program analysis. (See
C73: footnote 4 below)
A75: Units of work based upon 2% of gas meter inventory in service less the number of meters handled by CMT:
B76: 2% of Meter inventory | D76: ='[1]gas stats'!N72 -> 2351
B77: CMT Meters (revenue-risk) | D77: =B9 -> 340
B78: GWST Meter Sampling | D78: =D76-D77 -> 2011
A82: 3) Based upon sample size of 5% for each meter kind and size, rounded to nearest whole meter, purchased in FY08.
A83: Gas meters purchased in FY08: | C83: ='[1]Gasmtr purch FY08'!D35 -> 3167
A84: QC Sample Qty. | C84: ='[1]Gasmtr purch FY08'!H35 -> 170
A86: 4) Broadband Study Measures: | B86: WAVG Units/Yr. FY04-FY06 | E86: =('[2]FY Comparison'!$E$12+'[2]FY Comparison'!$K$12+'[2]FY Comparison'!$Q$12)/3 -> 954
B87: WAVG Minutes/Yr. FY04-FY06 | E87: =ROUNDUP(('[2]FY Comparison'!$J$12+'[2]FY Comparison'!$P$12+'[2]FY Comparison'!$V$12)/3,-0.1) -> 40837
B88: WAVG Minutes/Order FY04-FY06 | E88: =ROUNDUP(E87/E86,-0.1) -> 43
A91: Water Meter Program
B92: # Meters | C92: Min/Unit | D92: Tot. Min. | E92: Crew Multiplier | F92: Total Annual Minutes
A93: Age Based | B93: 94 | F93: =SUM(F94:F95) -> 20706
A94: CMT | B94: 85 | C94: =B173 -> 120 | D94: =B94*C94 -> 10200 | E94: 2 | F94: =D94*E94 -> 20400
A95: GWST | B95: 9 | C95: =C108 -> 34 | D95: =B95*C95 -> 306 | E95: 1 | F95: =D95*E95 -> 306
A98: Revenue Risk Based | B98: # Meters | C98: Min/Unit | D98: Tot. Min. | E98: Crew Multiplier | F98: Total Annual Minutes
A99: 1) 6 mos. | B99: 140 | C99: =(H129+H130)/B99 -> 312 | D99: =(B99*C99)*2 -> 87360 | E99: 2 | F99: =D99*E99 -> 174720
A100: 1) 12 mos. | B100: 200 | C100: =(H131+H132)/B100 -> 312 | D100: =B100*C100 -> 62400 | E100: 2 | F100: =D100*E100 -> 124800
A101: Subtotal-Water | B101: =SUM(B99:B100) -> 340 | D101: =SUM(D99:D100) -> 149760 | F101: =SUM(F99:F100) -> 299520
A102: FTE Equivalent | F102: =ROUNDUP(F101/88000,-0.1) -> 4
B105: # Meters | C105: Min/Unit | D105: Tot. Min. | E105: Crew Multiplier | F105: Total Annual Minutes
A106: 2) Sample Based | B106: =SUM(B107:B108) -> 999 | F106: =SUM(F107:F108) -> 43854
A107: 4) CMT | B107: =G171 -> 48 | C107: =B173 -> 120 | D107: =B107*C107 -> 5760 | E107: 2 | F107: =D107*E107 -> 11520
A108: GWST | B108: =E153 -> 951 | C108: =B148 -> 34 | D108: =B108*C108 -> 32334 | E108: 1 | F108: =D108*E108 -> 32334
A111: 3) Quality Assurance Based | B111: =C160 -> 38 | C111: NA | D111: NA | E111: NA
A115: Water Meter Program
A116: Footnotes:
A118: 1) Tasks to be performed during each inspection (water):
B119: Valve Operability
B120: Connect Portable Water Prover
B121: Perform Test (High Flow, Medium Flow, and Low Flow)
B122: Adjust meter (clean strainer, replace parts, as needed based upon proof results)
B123: Retest after Adjusting Meter
B124: Test ERT
B126: Range of Effort: | D126: 1 | E126: All Meters | F126: 120 | G126: to | H126: 360
B128: Assume 80% worst case/20% best case in year 1 | F128: # Meters | G128: Min/Unit | H128: Tot. Min.
E129: All Meter Best (6) | F129: =B99*0.2 -> 28 | G129: =F126 -> 120 | H129: =G129*F129 -> 3360
E130: All Meter Worst (6) | F130: =B99*0.8 -> 112 | G130: =H126 -> 360 | H130: =F130*G130 -> 40320
E131: All Meter Best (12) | F131: =0.2*B100 -> 40 | G131: =F126 -> 120 | H131: =F131*G131 -> 4800
E132: All Meter Worst (12) | F132: =0.8*B100 -> 160 | G132: =H126 -> 360 | H132: =F132*G132 -> 57600
E133: Total Minutes | F133: =SUM(F129:F132) -> 340 | H133: =SUM(H129:H132) -> 106080
F134: WAVG Min/Unit | H134: =H133/F133 -> 312
B140: Determine Tools and Equipment once FTEs determined.
A145: 2) Minutes of worked based upon weighted average of actual minutes of work for water meter
A146: changes in Fys 04-06. This work is already performed by GWSTs and will not be incremental to our staff model.
A148: Standard Unit Time (min). | B148: =E177 -> 34 | C148: Weighted average from completed meter change order history for Broadband Program analysis.
A150: Units of work based upon 2% of water meter inventory in service less the number of meters handled by CMT:
B151: 2% of Meter inventory | E151: ='[1]water stats '!N69 -> 1339
B152: CMT Meters (revenue-risk and sampling) | E152: =B101+B107 -> 388
...

Sheet CMT Salary
A1: Commercial Meter Tech Salaries (As of Feb 2012)
A3: Employee Name | B3: Pay Date | C3: Fund | D3: Agency | E3: Activity | F3: Reg. Hrs | G3: Reg. Pay
A4: BARKER III JUDSON PU | B4: 40956 | C4: 51 | D4: 968 | E4: 9145 | F4: 48.8 | G4: 820.14
C5: 52 | D5: 968 | E5: 9145 | F5: 16 | G5: 268.9
C6: 53 | D6: 968 | E6: 9145 | F6: 15.2 | G6: 255.46
A7: BEST EDGAR K | B7: 40956 | C7: 51 | D7: 968 | E7: 9145 | F7: 48.8 | G7: 826.87
C8: 52 | D8: 968 | E8: 9145 | F8: 16 | G8: 271.1
C9: 53 | D9: 968 | E9: 9145 | F9: 15.2 | G9: 257.57
A10: EDWARDS SR SYLVESTER H | B10: 40956 | C10: 51 | D10: 968 | E10: 9145 | F10: 48.8 | G10: 818.07
C11: 52 | D11: 968 | E11: 9145 | F11: 16 | G11: 268.21
C12: 53 | D12: 968 | E12: 9145 | F12: 15.2 | G12: 254.83
A13: HENRY ANTOINE R | B13: 40956 | C13: 51 | D13: 968 | E13: 9145 | F13: 48.8 | G13: 884.28
C14: 52 | D14: 968 | E14: 9145 | F14: 16 | G14: 289.92
C15: 53 | D15: 968 | E15: 9145 | F15: 15.2 | G15: 275.45
A16: KENNEDY JARRED | B16: 40956 | C16: 51 | D16: 968 | E16: 9145 | F16: 48.79 | G16: 822.83
C17: 52 | D17: 968 | E17: 9145 | F17: 16 | G17: 269.78
C18: 53 | D18: 968 | E18: 9145 | F18: 15.21 | G18: 256.31
A19: KING MICHAEL W | B19: 40956 | C19: 51 | D19: 968 | E19: 9145 | F19: 48.8 | G19: 1015.41
C20: 52 | D20: 968 | E20: 9145 | F20: 16 | G20: 332.92
C21: 53 | D21: 968 | E21: 9145 | F21: 15.2 | G21: 316.28
A22: SMITH LARRY G | B22: 40956 | C22: 51 | D22: 968 | E22: 9145 | F22: 48.8 | G22: 835.08
C23: 52 | D23: 968 | E23: 9145 | F23: 16 | G23: 273.79
A24: TERRY III OSBY H | C24: 53 | D24: 968 | E24: 9145 | F24: 15.2 | G24: 260.13
B25: 40956 | C25: 51 | D25: 968 | E25: 9145 | F25: 48.8 | G25: 823.42
C26: 52 | D26: 968 | E26: 9145 | F26: 16 | G26: 269.97
C27: 53 | D27: 968 | E27: 9145 | F27: 15.2 | G27: 256.5
A28: TUTTLE ROBERT S | B28: 40956 | C28: 51 | D28: 968 | E28: 9145 | F28: 48.8 | G28: 884.28
C29: 52 | D29: 968 | E29: 9145 | F29: 16 | G29: 289.93
C30: 53 | D30: 968 | E30: 9145 | F30: 15.2 | G30: 275.44
A31: HENDERSON KEVIN M | B31: 40956 | C31: 51 | D31: 968 | E31: 9150 | F31: 48.8 | G31: 820.14
C32: 52 | D32: 968 | E32: 9150 | F32: 16 | G32: 268.9
C33: 53 | D33: 968 | E33: 9150 | F33: 15.2 | G33: 255.46
A34: Count = 10 | F34: =SUM(F4:F33) -> 800 | G34: =SUM(G4:G33) -> 14017.37
A35: Summary
A37: =SUM(G4:G33) -> 14017.37 | C37: Per Pay Period
A38: 26
A39: =A37*A38 -> 364451.62 | C39: Per Year
A40: 10
A41: =A39/A40 -> 36445.162 | C41: Average Weighted Salary Per Year
A42: 2080
A43: =A41/A42 -> 17.521712 | C43: Average Weighted Salary Per Hour

Sheet GWST FY12 Order Volume
A3: SERVICES AND METERS
A4: PRODUCTIVITY REPORTS ( By TYPE )
A5: 2011-07-01 00:00:00 To 2012-06-30 23:59:59
A8: TYPE | B8: DESCRIPTION | C8: ORDERS | D8: TOT RIDE TIME | E8: AVG RIDE TIME | F8: TOT WORK TIME | G8: AVG WORK TIME | H8: TOT ORDER MIN. | I8: TOT TIME / 360
A9: AAMR | B9: ATTACH AMR/ERT | C9: 7 | D9: 282 | E9: 40.29 | F9: 317 | G9: 45.29 | H9: 599 | I9: 1.66
A10: AERT | B10: ATTACH ERT | C10: 13 | D10: 387 | E10: 29.77 | F10: 536 | G10: 41.23 | H10: 923 | I10: 2.56
A11: BMAN | B11: BUILD MANIFOLD | C11: 2 | D11: 0 | E11: 0 | F11: 7 | G11: 3.5 | H11: 7 | I11: 0.02
A12: CBTL | B12: CURB TOP / LID | C12: 52 | D12: 370 | E12: 7.12 | F12: 627 | G12: 12.06 | H12: 997 | I12: 2.77
A13: CCBT | B13: CHANGE CORRECTOR BATTERY | C13: 54 | D13: 716 | E13: 13.26 | F13: 1700 | G13: 31.48 | H13: 2416 | I13: 6.71
A14: CHGM | B14: CHANGE METER | C14: 1815 | D14: 23902 | E14: 13.17 | F14: 70790 | G14: 39 | H14: 94692 | I14: 263.03
A15: CHGR | B15: CHANGE REGULATOR | C15: 105 | D15: 1651 | E15: 15.72 | F15: 4111 | G15: 39.15 | H15: 5762 | I15: 16.01
A16: CHLP | B16: CHANGE LAMP | C16: 1 | D16: 0 | E16: 0 | F16: 1 | G16: 1 | H16: 1 | I16: 0
A17: CKLT | B17: CHECK ADJ/LITE APPL | C17: 1689 | D17: 21353 | E17: 12.64 | F17: 25695 | G17: 15.21 | H17: 47048 | I17: 130.69
A18: CKML | B18: CHECK METER NUMBER/LOCATION | C18: 94 | D18: 850 | E18: 9.04 | F18: 1477 | G18: 15.71 | H18: 2327 | I18: 6.46
A19: CKPR | B19: CHECK PRESSURE | C19: 269 | D19: 3359 | E19: 12.49 | F19: 8601 | G19: 31.97 | H19: 11960 | I19: 33.22
A20: CKUS | B20: CHECK USE | C20: 86 | D20: 821 | E20: 9.55 | F20: 1715 | G20: 19.94 | H20: 2536 | I20: 7.04
... A143: XMTR | B143: CHECK FOR CROSSED METERS | C143: 147 | D143: 859 | E143: 5.84 | F143: 2418 | G143: 16.45 | H143: 3277 | I143: 9.1
C144: 154570 | D144: 1275656 | E144: 8.25 | F144: 1960769 | G144: 12.69 | H144: 3236425 | I144: 8990.07
